 Dungeon Crawl Stone Soup version 0.31-a0-1074-g0b22e4e0f1 (webtiles) character file.

Game seed: 16913437849532233850

11502 grandjackal the Destroyer (level 11, -19/69 HPs)
             Began as a Tengu Conjurer on Nov 29, 2023.
             Was a Believer of Vehumet.
             Hit by a large rock thrown by a cyclops (42 damage)
             ... on level 8 of the Dungeon.
             The game lasted 00:20:02 (10394 turns).

grandjackal the Destroyer (Tengu Conjurer)         Turns: 10394, Time: 00:20:03

Health: -19/69     AC:  6    Str:  8    XL:     11   Next: 78%
Magic:  24/24      EV: 15    Int: 34    God:    Vehumet [**....]
Gold:   658        SH:  0    Dex: 13    Spells: 17/26 levels left

rFire   + . .        R - staff of air
rCold   . . .        (no shield)
rNeg    . . .        G - +2 leather armour {rF+}
rPois   .            (helmet restricted)
rElec   +            f - +0 cloak
rCorr   .            (no gloves)
SInv    .            (boots unavailable)
Will    .....        (no amulet)
Stlth   ++           r - +6 ring of intelligence
HPRegen 0.31/turn    H - +6 ring of intelligence
MPRegen 0.19/turn

%: acrobat
@: flying
A: beak, talons 3, evasive flight, acrobatic
a: Renounce Religion


You were on level 8 of the Dungeon.
You worshipped Vehumet.
Vehumet was pleased with you.
You visited 2 branches of the dungeon, and saw 9 of its levels.
You also visited: Bailey.

You collected 658 gold pieces.

Inventory:

Hand Weapons
 i - a +4 trident
 v - a +6 halberd
 w - a +0 dagger of holy wrath
Missiles
 p - 31 poisoned darts
 M - a throwing net
 V - 2 curare-tipped darts
Armour
 f - a +0 cloak (worn)
 h - a +0 kite shield
 G - a +2 leather armour of fire resistance (worn)
 N - +0 steam dragon scales
Magical Staves
 R - a staff of air (weapon)
Jewellery
 r - a +6 ring of intelligence (left hand)
 B - a ring of ice
 H - a +6 ring of intelligence (right hand)
 J - a ring of see invisible
Wands
 a - a wand of polymorph (4)
 A - a wand of roots (12)
 C - a wand of paralysis (12)
 K - a wand of flame (56)
 P - a wand of mindburst (8)
Scrolls
 d - 6 scrolls of fear {unknown}
 k - a scroll of torment {unknown}
 m - a scroll of vulnerability {unknown}
 n - a scroll of blinking {unknown}
 q - 2 scrolls of teleportation {unknown}
 s - a scroll of poison {unknown}
 u - a scroll of enchant armour {unknown}
 y - 3 scrolls of amnesia {unknown}
 z - 2 scrolls of enchant weapon {unknown}
 F - 2 scrolls of acquirement {unknown}
 I - 3 scrolls of revelation {unknown}
 O - a scroll of fog
 U - a scroll of immolation {unknown}
Potions
 b - 2 potions of magic
 c - 3 potions of heal wounds
 e - 2 potions of attraction
 g - 2 potions of mutation {unknown}
 j - a potion of berserk rage
 l - 2 potions of haste {unknown}
 o - 3 potions of might {unknown}
 t - 2 potions of lignification {unknown}
 E - a potion of cancellation {unknown}
 L - 2 potions of curing {unknown}
 Q - 2 potions of invisibility
 S - a potion of ambrosia {unknown}
 T - a potion of enlightenment {unknown}
Miscellaneous
 x - a lightning rod (3/4)
 D - a phial of floods (inert)


   Skills:
 + Level 8.6 Fighting
 - Level 2.1 Dodging
 - Level 2.0 Stealth
 + Level 8.2 Spellcasting
 - Level 10.0 Conjurations
 - Level 4.0 Translocations
 + Level 7.8 Air Magic
 + Level 5.5 Poison Magic
 + Level 7.5 Evocations


You had 17 spell levels left.
You knew the following spells:

 Your Spells              Type           Power      Damage    Failure   Level
a - Magic Dart            Conj           100%       1d8       1%          1
b - Searing Ray           Conj           100%       2d8       1%          2
c - Iskenderun's Mystic   Conj/Tloc      57%        2d12      2%          4
d - Poisonous Vapours     Pois/Air       100%       N/A       1%          2

Your spell library contained the following spells:

 Spells                   Type           Power      Damage    Failure   Level
 Momentum Strike          Conj/Tloc      100%       3d10      1%          2
 Sting                    Tmut/Pois      100%       1d8       1%          1
 Dazzling Flash           Conj/Hex       94%        N/A       1%          3
 Arcjolt                  Conj/Air       42%        1d52      3%          5
 Olgreb's Toxic Radiance  Pois           51%        N/A       4%          4
 Vhi's Electric Charge    Tloc/Air       100%       N/A       4%          4
 Fulminant Prism          Conj/Hex       23%        3d12      6%          4
 Summon Ice Beast         Ice/Summ       13%        N/A       43%         4
 Spellforged Servitor     Conj/Summ      23%        N/A       99%         7
 Summon Hydra             Summ           6%         N/A       100%        7
 Maxwell's Capacitive Co  Air            39%        ∞         100%        8


Dungeon Overview and Level Annotations

Branches:
Dungeon (8/15)             Temple (1/1) D:6          Bailey (visited)
   Lair: D:8-11

Altars:
Dithmenos
Elyvilon
Fedhas
Gozag
Hepliaklqana
Kikubaaqudgha
Makhleb
Nemelex Xobeh
Qazlal
Ru
Sif Muna
Vehumet
Wu Jian
Xom
Yredelemnul
Zin
The Shining One

Annotations:
D:2 1 runed translucent door, Crazy Yiuf
D:4 2 runed translucent doors
Temple 2 transporters


Innate Abilities, Weirdness & Mutations

You have a beak for a mouth.
You have claws for feet.
Your magical flight helps you evade attacks. (EV +4)
You can magically evade attacks while moving or waiting.


Message History

The kobold brigand throws a curare-tipped dart.
The curare-tipped dart barely misses you.
The searing ray hits the kobold brigand!
The kobold brigand is almost dead.
You finish channelling your searing ray.
Casting: Searing Ray (safe; 1% risk of failure)
Confirm with . or Enter, or press ? or * to list all spells.
Aiming: Searing Ray (safe; 1% risk of failure)
Press: ? - help, Shift-Dir - straight line, f/p - kobold brigand
Aim: a kobold brigand, wielding a +0 short sword and quivering curare-tipped darts (almost dead, 79% to hit)
The searing ray hits the kobold brigand!
You kill the kobold brigand!
Vehumet accepts your kill.
You feel your power returning.
You hear a splash. x2 (Press . to maintain the ray.)
You hear a faint sloshing from your phial of floods as it returns to readiness.
V - 2 curare-tipped darts (gained 1)
Things that are here:
a +0 short sword; a kobold corpse
Found a pair of glowing boots.
A cyclops comes into view.
The cyclops shouts!
You hear a roar!
The cyclops throws a large rock.
The large rock hits you!!
An acid dragon comes into view.
Casting: Searing Ray (safe; 1% risk of failure)
Confirm with . or Enter, or press ? or * to list all spells.
Okay, then.
Aim the phial where?
Press: ? - help, Shift-Dir - straight line, f - cyclops
Aim: a cyclops, quivering large rocks (98% to hit)
The torrent of water hits the cyclops!!
The cyclops is heavily wounded.
The cyclops is engulfed in water.
The wave splashes down.
The acid dragon is engulfed in water.
The acid dragon spits acid at you. The splash of acid hits you!!
The cyclops throws a large rock.
The large rock hits you!!!
Ouch! That really hurt!
You die...

###~~~~###~~~~##
...)##~~##~##~~#############
##.~~##~~~~~##~~~~~~~##....##
~~~~~~##############~~~~~#..##
~######..~#..~.#.~.#####~~~..#
##.#.#.#.#[.#.#.#.#~~C ###~~.#
..).~...#..~.#.~.#.~#D~~ ##~.#
##.#.#.#..#.#.#.#..=~~####~~.#
~######.#~.#.~.#@######~~~~..#
~~~~~~############~~~~~~###.##
##.~~##~~~~~~~~##~~#.#### #.#
##.~##~~..###~##~~##.######.#
#.~~~~...#.#~~~~.##........#####
##...#.......##...######....##.#.
........#....#..### ####........
#####...##.#...#######.)##.......
###...##..####...#...........


You could see a cyclops (waterlogged) and an acid dragon (unsilenced, catching
breath, waterlogged).

Vanquished Creatures
  2 vault guards (Bailey)
  A hydra (D:8)
  A two-headed ogre (D:8)
  A boulder beetle (D:8)
  A tengu warrior (D:8)
  A deep elf pyromancer (D:8)
  An ugly thing (D:8)
  Maurice (D:8)
  A tengu conjurer (D:8)
  Prince Ribbit (Bailey)
  A shadow (D:8)
  2 wyverns (D:7)
  A wraith (D:8)
  5 humans (Bailey)
  A steam dragon (D:6)
  Menkaure (D:4)
  A water moccasin (D:5)
  Duvessa (D:7)
  An orc warrior (Bailey)
  3 sky beasts
  4 black bears
  An ice beast (D:6)
  4 ogres
  5 centaurs
  4 kobold brigands (D:8)
  11 bullfrogs
  4 wights
  4 scorpions
  Dowan (D:7)
  6 killer bees (D:8)
  5 howler monkeys
  5 hounds
  2 jellies
  4 orc priests (D:8)
  A gnoll bouda (D:6)
  2 iguanas
  2 sleepcaps
  Natasha (thrice) (D:2)
  2 orc wizards (D:8)
  10 adders
  15 gnolls
  2 white imps
  2 ufetubi (D:7)
  A worm (D:3)
  A dart slug (D:4)
  21 orcs
  10 bats
  8 endoplasms
  4 giant cockroaches
  7 goblins
  10 hobgoblins
  8 kobolds
  2 quokkas
  7 ball pythons
  3 frilled lizards
  6 rats
215 creatures vanquished.

Vanquished Creatures (others)
  An unseen horror (shapeshifter) (D:8)
1 creature vanquished.

Grand Total: 216 creatures vanquished

Notes
Turn   | Place    | Note
-------+----------+-------------------------------------------
     0 | D:1      | grandjackal the Tengu Conjurer began the quest for the Orb.
     0 | D:1      | Reached XP level 1. HP: 10/10 MP: 4/4
   298 | D:1      | Reached XP level 2. HP: 16/16 MP: 3/6
   339 | D:1      | Learned a level 2 spell: Searing Ray
   390 | D:1      | Reached skill level 1 in Fighting
   846 | D:1      | Reached XP level 3. HP: 20/20 MP: 4/7
  1147 | D:2      | Found a basalt altar of Yredelemnul.
  1339 | D:2      | Noticed Natasha
  1346 | D:2      | Killed Natasha
  1347 | D:2      | Reached skill level 6 in Conjurations
  1347 | D:2      | Reached XP level 4. HP: 24/26 MP: 0/9
  1434 | D:2      | Found a runed translucent door.
  1435 | D:2      | Noticed Crazy Yiuf
  1530 | D:2      | Noticed Natasha
  1540 | D:2      | Killed Natasha
  1782 | D:2      | Noticed Natasha
  1786 | D:2      | Killed Natasha
  1787 | D:2      | Reached XP level 5. HP: 31/31 MP: 5/10
  2594 | D:3      | Got the Disquisition on Accomplices
  2814 | D:3      | Reached skill level 7 in Conjurations
  2814 | D:3      | Reached XP level 6. HP: 37/37 MP: 2/12
  2919 | D:3      | Found an opulent altar of Gozag.
  3048 | D:4      | Learned a level 4 spell: Iskenderun's Mystic Blast
  3278 | D:4      | Noticed Menkaure
  3286 | D:4      | Killed Menkaure
  3287 | D:4      | Reached skill level 1 in Translocations
  3395 | D:4      | Found a large runed translucent door.
  3396 | D:4      | Found a large runed translucent door.
  3420 | D:4      | Noticed a black bear
  3484 | D:4      | Found a large runed translucent door.
  3484 | D:4      | Found a large runed translucent door.
  3612 | D:4      | Gained mutation: Your magical flight helps you evade
                  | attacks. (EV +4) [Tengu growth]
  3612 | D:4      | Reached XP level 7. HP: 40/42 MP: 11/14
  4262 | D:5      | Entered Level 5 of the Dungeon
  4298 | D:5      | Reached skill level 1 in Evocations
  4439 | D:5      | Reached skill level 8 in Conjurations
  4677 | D:5      | Reached XP level 8. HP: 48/48 MP: 10/15
  4954 | D:5      | Reached skill level 5 in Spellcasting
  5345 | D:5      | Reached skill level 5 in Fighting
  5701 | D:6      | Found a staircase to the Ecumenical Temple.
  5742 | D:6      | Reached skill level 9 in Conjurations
  5742 | D:6      | Reached XP level 9. HP: 54/54 MP: 12/18
  5750 | Temple   | Found a transporter.
  5750 | Temple   | Found a transporter.
  5750 | Temple   | Found a transporter.
  5750 | Temple   | Found a transporter.
  5750 | Temple   | Entered the Ecumenical Temple
  5763 | Temple   | Became a worshipper of Vehumet
  6078 | D:6      | Found a shimmering blue altar of Sif Muna.
  6078 | D:6      | Found a glowing silver altar of Zin.
  6849 | D:6      | Learned a level 2 spell: Poisonous Vapours
  6940 | D:7      | Reached skill level 1 in Air Magic
  7105 | D:7      | Reached * piety under Vehumet
  7105 | D:7      | Offered knowledge of Freeze by Vehumet.
  7446 | D:7      | Noticed Dowan
  7447 | D:7      | Noticed Duvessa
  7457 | D:7      | Killed Duvessa
  7464 | D:7      | Killed Dowan
  7465 | D:7      | Reached skill level 10 in Conjurations
  8113 | D:8      | Reached skill level 1 in Poison Magic
  8113 | D:8      | Reached skill level 5 in Evocations
  8113 | D:8      | Reached XP level 10. HP: 53/61 MP: 11/20
  8184 | D:8      | Noticed a two-headed ogre
  8188 | D:8      | Killed a two-headed ogre
  8361 | D:8      | Found a flagged portal.
  8377 | Bailey   | Entered a bailey
  8611 | Bailey   | Noticed Prince Ribbit
  8613 | Bailey   | Noticed a vault guard
  8632 | Bailey   | Killed Prince Ribbit
  8651 | Bailey   | Reached skill level 5 in Air Magic
  8651 | Bailey   | Killed a vault guard
  8653 | Bailey   | Reached ** piety under Vehumet
  8653 | Bailey   | Offered knowledge of Sandblast by Vehumet.
  8671 | Bailey   | Noticed a vault guard
  8997 | Bailey   | Killed a vault guard
  8998 | Bailey   | Reached XP level 11. HP: 68/68 MP: 18/23
  9349 | D:8      | Noticed Maurice
  9359 | D:8      | Killed Maurice
  9587 | D:8      | Noticed a tengu warrior
  9591 | D:8      | Killed a tengu warrior
  9600 | D:8      | Noticed a green ugly thing
  9605 | D:8      | Noticed a deep elf pyromancer
  9610 | D:8      | Killed a green ugly thing
  9611 | D:8      | Reached skill level 5 in Poison Magic
  9613 | D:8      | Killed a deep elf pyromancer
  9614 | D:8      | Noticed a six-headed hydra
  9618 | D:8      | Noticed a boulder beetle
  9706 | D:8      | Killed a six-headed hydra
  9752 | D:8      | Killed a boulder beetle
  9946 | D:8      | Offered knowledge of Momentum Strike by Vehumet.
 10393 | D:8      | Noticed a cyclops
 10394 | D:8      | Hit by a large rock thrown by a cyclops

Illustrated notes

Levels and vault maps discovered:
D:1:      dreamdust_arrival_sigmund_warning, layout_loops_cross
D:2:      layout_rooms, basic_altar, minmay_box_of_dots,
          uniq_crazy_yiuf_cottage, uniq_natasha
D:3:      layout_loops_ring, general_overflow_altar
D:4:      layout_basic, minmay_hollow_rounded_squares, uniq_menkaure
D:5:      kennysheep_spiral_hall, layout_basic, sigmund_army
D:6:      layout_basic, amethyst_overflow_temple_binary,
          minmay_temple_entry_arrows
D:7:      layout_loops_corners, uniq_duvessa
D:8:      hangedman_cross_veins, layout_cave_pools, enter_bailey_2,
          minmay_manual_mullet, uniq_maurice
Temple:   hellmonk_temple_divided_pantheon

Skill      XL: |  1  2  3  4  5  6  7  8  9 10 11 |
---------------+----------------------------------+-----
Fighting       | 1 2 3 4 5 6 7 8 |  8.6
Conjurations   | 6 7 8 9 10 | 10.0
Spellcasting   | 3 4 5 6 7 8 |  8.2
Translocations | 1 2 3 4 |  4.0
Evocations     | 1 3 5 6 7 |  7.5
Air Magic      | 3 6 7 |  7.8
Poison Magic   | 1 4 5 |  5.5
Dodging        | |  2.1
Stealth        | |  2.0

Action                     |  1- 3 |  4- 6 |  7- 9 | 10-12 || total
---------------------------+-------+-------+-------+-------++-------
  Melee: Unarmed           |     5 |       |       |       ||     5
         Peck              |     1 |    20 |     7 |     9 ||    37
         Short sword       |       |    61 |       |       ||    61
         Kick              |       |    17 |    14 |    19 ||    50
         Punch             |       |     3 |       |       ||     3
         Spear             |       |    13 |    24 |       ||    37
         Halberd           |       |       |    42 |    73 ||   115
   Cast: Magic Dart        |    60 |    20 |    50 |     1 ||   131
         Searing Ray       |     1 |    14 |    47 |    20 ||    82
         Poisonous Vapours |       |       |     3 |    21 ||    24
         Iskenderun's Myst |       |       |       |    11 ||    11
  Evoke: Wand              |       |       |       |    21 ||    21
         Lightning rod     |       |       |       |    11 ||    11
         Phial of floods   |       |       |       |     4 ||     4
    Use: Scroll            |       |       |     5 |       ||     5
         Potion            |       |       |       |     2 ||     2
   Stab: Sleeping          |     1 |     2 |     3 |       ||     6
         Paralysed         |       |       |       |    14 ||    14
 Armour: Robe              |     6 |    35 |     7 |       ||    48
         Leather armour    |       |       |    51 |    75 ||   126
  Dodge: Dodged            |     7 |    68 |    97 |   126 ||   298

Table legend: (Time is in decaauts)
 A = Elapsed time spent in this place.
 B = Non-inter-level travel time spent in this place.
 C = Inter-level travel time spent in this place.
 D = Time resting spent in this place.
 E = Time spent auto-exploring this place.
 F = Levels seen in this place.
 G = Mean time per level.
                   A        B        C        D        E       F      G
               +--------+--------+--------+--------+--------+-----+--------+
         Total |  10449 |  10285 |    164 |   2751 |   5610 |  10 | 1044.9 |
       Dungeon |   9685 |   9521 |    164 |   2434 |   5595 |   8 | 1210.6 |
        Temple |     32 |     32 |      0 |      0 |      0 |   1 |   32.0 |
        Bailey |    731 |    731 |      0 |    317 |     15 |   1 |  731.0 |
               +--------+--------+--------+--------+--------+-----+--------+

Top non-repeatable levels by time:
     D:8: 1597 daAuts
     D:4: 1336 daAuts
     D:6: 1335 daAuts
     D:7: 1258 daAuts
     D:5: 1232 daAuts
     D:1: 1147 daAuts
     D:3: 1017 daAuts
     D:2: 761 daAuts
  Bailey: 731 daAuts
  Temple: 32 daAuts
